 Dungeon Crawl Stone Soup version 0.29-a0-284-gf9362112df (webtiles) character file.

Game seed: 18386603256775068318

53 sammy202020 the Shield-Bearer (level 3, 0/24 HPs)
             Began as a Gargoyle Fighter on Mar 14, 2022.
             Slain by a gnoll
             ... wielding a +0 flail
              (6 damage)
             ... on level 2 of the Dungeon.
             The game lasted 00:01:28 (934 turns).

sammy202020 the Shield-Bearer (Gargoyle Fighter)     Turns: 934, Time: 00:01:28

Health: 0/24       AC: 16    Str: 19    XL:     3   Next: 89%
Magic:  3/3        EV:  5    Int: 10    God:
Gold:   32         SH:  4    Dex:  9    Spells: 2/2 levels left

rFire   . . .      SeeInvis .   i - +3 flail
rCold   . . .      Faith    .   c - +0 buckler
rNeg    + . .      Spirit   .   j - +0 plate armour
rPois   ∞          Reflect  .   (no helmet)
rElec   +          Harm     .   (no cloak)
rCorr   .          Rampage  .   (no gloves)
Will    .....                   a - +0 pair of boots
Stlth   ..........              (no amulet)
HPRegen 0.08/turn               (no ring)
MPRegen 0.08/turn               (no ring)

@: no status effects
A: sickness immunity, AC +3, negative energy resistance 1, electricity
resistance, torment resistance 1, petrification resistance
a: no special abilities


You were on level 2 of the Dungeon.
You visited 1 branch of the dungeon, and saw 2 of its levels.

You collected 32 gold pieces.

Inventory:

Hand Weapons
 i - a +3 flail (weapon)
Armour
 a - a +0 pair of boots (worn)
 c - a +0 buckler (worn)
 j - a +0 plate armour (worn)
Jewellery
 g - an amulet of faith
Scrolls
 b - a scroll of identify {unknown}
 e - a scroll of teleportation {unknown}
 h - 3 scrolls of summoning {unknown}
 l - a scroll of enchant weapon {unknown}
Potions
 d - 2 potions of might
 f - a potion of brilliance {unknown}
 k - a potion of curing {unknown}


   Skills:
 * Level 3.7 Fighting
 * Level 2.5 Maces & Flails
 * Level 3.8 Armour
 + Level 0.5 Dodging
 * Level 3.8 Shields


You had 2 spell levels left.
You didn't know any spells.
Your spell library was empty.

Dungeon Overview and Level Annotations

Branches:
Dungeon (2/15)

Altars:


Innate Abilities, Weirdness & Mutations

You are immune to sickness and miasma.
Your stone body is resilient. (AC +3)
You are immune to poison.
You resist negative energy. (rN+)
You are resistant to electric shocks. (rElec)
You are resistant to unholy torment.
You are immune to petrification.


Message History

You hit the ball python but do no damage.
You block the ball python's attack. The ball python grabs you.
The ball python constricts you.
You sock the ball python!
You kill the ball python!
No target in view!
No target in view!
No target in view!
No target in view!
No target in view!
No target in view!
No target in view!
No target in view!
A quokka comes into view.
A quokka is nearby!
An orc and 3 gnolls come into view.
The orc shouts!
The gnoll shouts! x3
The quokka bites you but does no damage.
A dart slug comes into view.
You hit the quokka.
You kill the quokka!
A worm comes into view.
A gnoll comes into view. It is wielding a +0 spear.
The gnoll shouts!
The gnoll hits you with a +0 whip.
You thump the gnoll!
The gnoll is almost dead.
You block the gnoll's attack.
The orc grunts repeatedly.
The gnoll barely misses you. The gnoll hits you with a +0 flail!
You hit the gnoll.
You kill the gnoll!
The dart slug launches a dart at you.
The slug dart hits you but does no damage.
The gnoll hits you but does no damage. The gnoll attacks as you move away!
The gnoll hits you with a +0 flail! The gnoll attacks as you move away!
The gnoll hits you with a +0 flail.
* * * LOW HITPOINT WARNING * * *
The gnoll attacks as you move away! The gnoll hits you with a +0 flail.
You die...

####### .......
....... .......
.... ....... ...
....... ..##
#####wg..... ..#
#.@g.ow..... #.##
#.#g..######
#..#####.#†### #
#..#.....#.#
####.##....#####.#
.........### ..#
.##.###..# .##
#..## #.# #..)#
#.#


You could see a worm, 3 gnolls, a dart slug and an orc.

Vanquished Creatures
  An adder (D:2)
  2 gnolls
  A dart slug (D:1)
  An endoplasm (D:1)
  A giant cockroach (D:2)
  A goblin (D:1)
  A hobgoblin (D:1)
  3 jackals (D:1)
  4 kobolds (D:1)
  2 quokkas (D:2)
  A ball python (D:2)
  A bat (D:1)
  3 frilled lizards
  3 rats
25 creatures vanquished.

Notes
Turn   | Place    | Note
-------+----------+-------------------------------------------
     0 | D:1      | sammy202020 the Gargoyle Fighter began the quest for the
                  | Orb.
     0 | D:1      | Reached XP level 1. HP: 14/14 MP: 1/1
    52 | D:1      | Reached XP level 2. HP: 19/19 MP: 2/2
   650 | D:1      | Reached XP level 3. HP: 23/23 MP: 3/3
   934 | D:2      | Slain by a gnoll

Illustrated notes

Levels and vault maps discovered:
D:1:      saegor_arrival_simple_a, layout_basic, chequers_serial_rivers_room_a
D:2:      layout_rooms

Action                   || total
-------------------------++-------
Melee: Flail             ||    54
Armor: Scale mail        ||    16
       Plate armour      ||     9
Dodge: Dodged            ||    35
Block: Buckler           ||    16

Table legend: (Time is in decaauts)
 A = Elapsed time spent in this place.
 B = Non-inter-level travel time spent in this place.
 C = Inter-level travel time spent in this place.
 D = Time resting spent in this place.
 E = Time spent auto-exploring this place.
 F = Levels seen in this place.
 G = Mean time per level.
                   A        B        C        D        E       F      G
               +--------+--------+--------+--------+--------+-----+--------+
         Total |    950 |    884 |     66 |    215 |    476 |   2 |  475.0 |
       Dungeon |    950 |    884 |     66 |    215 |    476 |   2 |  475.0 |
               +--------+--------+--------+--------+--------+-----+--------+

Top non-repeatable levels by time:
     D:1: 886 daAuts
     D:2: 64 daAuts
